[Event "fics rated crazyhouse match"]
[Site "fics, Oklahoma City, OK USA"]
[Date "2000.03.18"]
[White "Lomboc"]
[WhiteElo "2184"]
[Black "Eyefor"]
[BlackElo "2394"]
[TimeControl "60+0"]
[Result "0-1"]

1. e4 e6 2. d4 d6 3. Nc3 Nf6 4. Nf3 Be7 5. Bg5 Nc6 6. Bb5 
Bd7 7. O-O Ng4 8. Bxe7 Qxe7 9. B@h4 B@f6 10. Bxf6 Nxf6 11. B@h4 B@f4 
12. Ne2 Bh6 13. Bxc6 Bxc6 14. d5 exd5 15. exd5 Bxd5 16. Bxf6 gxf6 17. Qxd5 
B@e4 18. Qb5+ B@c6 19. Qb3 Bxf3 20. N@f5 Qxe2 21. N@g7+ Bxg7 22. Nxg7+ Kf8 
23. Nf5 Qxf1+ 24. Rxf1 N@e2+ 25. Kh1 Bxg2# 
{Lomboc checkmated} 0-1

[Event "fics rated crazyhouse match"]
[Site "fics, Oklahoma City, OK USA"]
[Date "2000.03.18"]
[White "Eyefor"]
[WhiteElo "2398"]
[Black "Lomboc"]
[BlackElo "2180"]
[TimeControl "60+0"]
[Result "1-0"]

1. e4 d5 2. exd5 Qxd5 3. Nf3 Nc6 4. Nc3 Qd8 5. P@b5 Nb8 6. Bc4 
e6 7. d4 Nf6 8. Bg5 Be7 9. Bxf6 Bxf6 10. N@e4 Rg8 11. Rb1 B@g6 
12. Nxf6+ gxf6 13. B@f4 P@d5 14. Bb3 Be4 15. Rg1 Nd7 16. h3 N@h5 17. Bh6 
Rg6 18. Be3 Nb6 19. Nd2 a6 20. Ncxe4 dxe4 21. Qxh5 N@d5 22. Nxe4 Nxe3 
23. fxe3 Nd5 24. P@f2 B@a5+ 25. N@c3 Nxc3 26. bxc3 N@d5 27. N@d1 Qe7 28. bxa6 
Rxa6 29. B@b5+ c6 30. N@d6+ Kd7 31. Bxa6 bxa6 32. Nxc8 P@d2+ 33. Nxd2 Nxc3 
34. Nxe7 Nxb1 35. Q@c8+ Kxe7 36. R@d7# 
{Lomboc checkmated} 1-0

[Event "fics rated crazyhouse match"]
[Site "fics, Oklahoma City, OK USA"]
[Date "2000.03.18"]
[White "Lomboc"]
[WhiteElo "2176"]
[Black "Eyefor"]
[BlackElo "2402"]
[TimeControl "60+0"]
[Result "0-1"]

1. e4 e6 2. d4 Nf6 3. Nc3 d5 4. Bg5 dxe4 5. Nxe4 Nxe4 6. Bxd8 
P@d2+ 7. Qxd2 Nxd2 8. Bxc7 Q@d7 9. Bxb8 Rxb8 10. Q@d3 Nxf1 11. Kxf1 B@c4 
12. Qxc4 N@d2+ 13. Ke2 Nxc4 14. B@e3 Q@e4 15. Nf3 Qxc2+ 16. N@d2 Nxd2 17. Nxd2 
B@c4+ 18. Ke1 Qxb2 19. Nxc4 N@d3+ 20. Kf1 P@e2+ 21. Kg1 Qxa1# 
{Lomboc resigns} 0-1

[Event "fics rated crazyhouse match"]
[Site "fics, Oklahoma City, OK USA"]
[Date "2000.03.18"]
[White "Eyefor"]
[WhiteElo "2405"]
[Black "Lomboc"]
[BlackElo "2173"]
[TimeControl "60+0"]
[Result "1-0"]

1. e4 d5 2. exd5 Qxd5 3. Nf3 Qd8 4. d3 Nc6 5. P@b5 Nd4 6. Nxd4 
Qxd4 7. Nc3 e5 8. Be3 Qd8 9. d4 exd4 10. Bxd4 P@d6 11. N@d5 P@e6 
12. Qe2 N@g6 13. Qe3 N8e7 14. P@f6 Nxd5 15. Nxd5 Rg8 16. fxg7 Bxg7 17. N@f6+ 
Kf8 18. Nxh7+ Ke8 19. Ndf6+ Ke7 20. Nd5+ Ke8 21. Ndf6+ Ke7 22. Qg5 e5 
23. Nxg8+ Kd7 24. P@e6+ Kxe6 25. Qxd8 P@d2+ 26. Kd1 exd4 27. Q@e4+ Ne5 28. P@d5# 
{Lomboc checkmated} 1-0

[Event "fics rated crazyhouse match"]
[Site "fics, Oklahoma City, OK USA"]
[Date "2000.03.18"]
[White "Lomboc"]
[WhiteElo "2170"]
[Black "Eyefor"]
[BlackElo "2408"]
[TimeControl "60+0"]
[Result "0-1"]

1. e4 e6 2. Nc3 Nc6 3. d4 Nf6 4. Nf3 d5 5. Bg5 dxe4 6. Nxe4 
P@g4 7. Nxf6+ gxf6 8. Bxf6 Qxf6 9. P@e5 B@b4+ 10. c3 Qg7 11. N@f6+ Kd8 
12. d5 exd5 13. Qxd5+ N@d7 14. cxb4 gxf3 15. Nxd7 Bxb4+ 16. P@c3 N@c2+ 17. Kd2 
Bxc3+ 18. bxc3 Bxd7 19. B@f6+ Qxf6 20. exf6 Nxa1 21. P@e7+ Kc8 22. Qxd7+ Kxd7 
23. N@c5+ Kc8 24. B@g4+ P@e6 25. Bxe6+ fxe6 26. P@d7+ Kb8 27. e8=Q+ Rxe8 28. dxe8=Q+ 
R@d8+ 29. Nd7+ Kc8 30. Qxd8+ Nxd8 31. Nb6+ axb6 32. B@d7+ Kxd7 
{Lomboc forfeits on time} 0-1

[Event "fics rated crazyhouse match"]
[Site "fics, Oklahoma City, OK USA"]
[Date "2000.03.18"]
[White "Eyefor"]
[WhiteElo "2411"]
[Black "Lomboc"]
[BlackElo "2167"]
[TimeControl "60+0"]
[Result "1-0"]

1. e4 e6 2. d4 d5 3. exd5 exd5 4. Bb5+ Bd7 5. Qe2+ Be7 6. Nf3 
P@e6 7. Nc3 Bxb5 8. Qxb5+ B@c6 9. Qe2 Nf6 10. P@b5 Bd7 11. B@e5 O-O 
12. Bcf4 Ne8 13. Rc1 Bd6 14. Bxd6 cxd6 15. B@g5 f6 16. Bh4 B@c4 17. Qe3 
Qb6 18. a4 Qa5 19. Nd2 a6 20. bxa6 Nxa6 21. Nxc4 dxc4 22. P@e7 Rf7 
23. B@e4 Rxe7 24. Bxb7 Rb8 25. Bxa6 Qxa6 26. P@b5 Qb7 27. d5 N@f5 28. N@c6 
Bxc6 29. dxc6 Qc7 30. Qh3 Nxh4 31. Qxh4 N@f5 32. Qh3 B@a5 33. N@a6 Bxc3+ 
34. bxc3 Qb6 35. Nxb8 Qxb8 36. R@d7 Rxd7 37. cxd7 B@b6 38. dxe8=Q+ Qxe8 39. B@c6 
Bxf2+ 40. Kxf2 Qxc6 41. bxc6 N@e4+ 42. Ke1 P@f2+ 43. Kf1 N@d2+ 44. Bxd2 Nxd2+ 
45. Kxf2 R@e5 46. Q@e8# 
{Lomboc resigns} 1-0

[Event "fics rated crazyhouse match"]
[Site "fics, Oklahoma City, OK USA"]
[Date "2000.03.18"]
[White "Lomboc"]
[WhiteElo "2164"]
[Black "Eyefor"]
[BlackElo "2414"]
[TimeControl "60+0"]
[Result "1-0"]

1. f4 Nf6 2. Nf3 Nc6 3. Nc3 d5 4. d4 Bf5 5. e3 Ne4 6. Bd3 
Nxc3 7. bxc3 Bxd3 8. cxd3 N@g4 9. O-O B@a5 10. Bd2 Bxc3 11. Bxc3 Nxe3 
12. Qe2 Nxf1 13. Rxf1 P@b4 14. Bd2 P@c3 15. Be3 R@b2 16. B@c2 Rxa2 17. Ng5 
Rxc2 18. Qxc2 P@f6 19. Nxf7 Kxf7 20. f5 N@g5 21. P@e6+ Nxe6 22. fxe6+ Kxe6 
23. N@c5+ Kf7 24. Qxc3 P@f2+ 25. Bxf2 bxc3 26. P@e6+ Kg6 27. B@f7+ Kf5 28. Bh4+ 
P@f2+ 29. Rxf2+ B@f3 30. Rxf3+ Q@f4 31. Rxf4# 
{Eyefor forfeits on time} 1-0

[Event "fics rated crazyhouse match"]
[Site "fics, Oklahoma City, OK USA"]
[Date "2000.03.18"]
[White "Eyefor"]
[WhiteElo "2401"]
[Black "Lomboc"]
[BlackElo "2177"]
[TimeControl "60+0"]
[Result "1-0"]

1. e4 e6 2. d4 d5 3. exd5 exd5 4. Bb5+ Nc6 5. Qe2+ P@e6 6. Bxc6+ 
bxc6 7. N@e5 Bd7 8. Nc3 Rb8 9. Qa6 B@b6 10. Ngf3 Bc8 11. Qa4 Ne7 
12. Nxf7 Kxf7 13. Ne5+ Kf6 14. P@g5+ Kf5 15. g4# 
{Lomboc checkmated} 1-0

[Event "fics rated crazyhouse match"]
[Site "fics, Oklahoma City, OK USA"]
[Date "2000.03.18"]
[White "Eyefor"]
[WhiteElo "2407"]
[Black "Lomboc"]
[BlackElo "2171"]
[TimeControl "60+0"]
[Result "1-0"]

1. e4 e5 2. Bc4 Nc6 3. Nf3 Nf6 4. Nc3 d6 5. Ng5 d5 6. exd5 
Nxd5 7. Nxd5 Qxg5 8. Nxc7+ Kd7 9. Nxa8 Qxg2 10. P@e6+ fxe6 11. R@c7+ Kd8 
12. N@f7+ Ke8 13. Rxc8+ Kxf7 14. B@h5+ g6 15. Bf3 Qh3 16. Rxc6 bxc6 17. N@g5+ 
Kg7 18. Nxh3 N@d4 19. Q@c7+ R@f7 20. Qxe5+ P@f6 21. Qxd4 P@e5 22. N@e8+ Kg8 
23. Qd8 N@d4 24. P@g7 Rxg7 25. Nxf6+ Kf7 26. Ng5# 
{Lomboc checkmated} 1-0

[Event "fics rated crazyhouse match"]
[Site "fics, Oklahoma City, OK USA"]
[Date "2000.03.18"]
[White "Eyefor"]
[WhiteElo "2413"]
[Black "Lomboc"]
[BlackElo "2165"]
[TimeControl "60+0"]
[Result "1-0"]

1. e4 e5 2. Bc4 Nc6 3. Nf3 d6 4. d3 Qe7 5. Ng5 Be6 6. Bxe6 
fxe6 7. B@f7+ Kd8 8. Nxe6+ Kc8 9. Nxf8 Qxf8 10. B@e6+ Kb8 11. Bxg8 Rxg8 
12. N@d7# 
{Lomboc resigns} 1-0

[Event "fics rated crazyhouse match"]
[Site "fics, Oklahoma City, OK USA"]
[Date "2000.03.18"]
[White "Lomboc"]
[WhiteElo "2162"]
[Black "Eyefor"]
[BlackElo "2416"]
[TimeControl "60+0"]
[Result "1-0"]

1. e4 e6 2. Nc3 Nc6 3. d4 Nf6 4. Nf3 d5 5. Bg5 dxe4 6. Nxe4 
P@g4 7. Bxf6 gxf6 8. Nxf6+ Qxf6 9. P@e5 B@a5+ 10. c3 Nxd4 11. exf6 N@c2+ 
12. Kd2 Bh6+ 13. P@e3 Bxc3+ 14. bxc3 Nxf3+ 15. Kxc2 N@a3+ 16. Kb2 O-O 17. N@e7+ 
Kh8 18. gxf3 P@c2 19. Qd4 e5 20. Qxe5 gxf3 21. P@g7+ Bxg7 22. fxg7# 
{Eyefor checkmated} 1-0

[Event "fics rated crazyhouse match"]
[Site "fics, Oklahoma City, OK USA"]
[Date "2000.03.18"]
[White "Eyefor"]
[WhiteElo "2403"]
[Black "Lomboc"]
[BlackElo "2175"]
[TimeControl "60+0"]
[Result "0-1"]

1. e4 c5 2. Nc3 d6 3. Nf3 Nc6 4. Ng5 e6 5. d3 Be7 6. Nxf7 
Kxf7 7. P@d5 Ne5 8. dxe6+ Bxe6 9. P@f5 Bd7 10. f4 Nc6 11. Nd5 Kf8 
12. Nxe7 Qxe7 13. Qe2 Nd4 14. Qd1 Bxf5 15. B@g5 P@f6 16. Be2 fxg5 17. exf5 
Nxe2 18. Qxe2 Qxe2+ 19. Kxe2 N@d4+ 20. Kf1 Q@e2+ 21. Kg1 B@f2# 
{Eyefor checkmated} 0-1

[Event "fics rated crazyhouse match"]
[Site "fics, Oklahoma City, OK USA"]
[Date "2000.03.18"]
[White "Lomboc"]
[WhiteElo "2188"]
[Black "Eyefor"]
[BlackElo "2390"]
[TimeControl "60+0"]
[Result "1-0"]

1. e4 Nf6 2. Nc3 d5 3. e5 Ne4 4. d4 Nxc3 5. bxc3 N@e4 6. Bd2 
Nc6 7. Nf3 Nxf2 8. Kxf2 P@e4 9. Ng1 f6 10. Bf4 fxe5 11. dxe5 Nxe5 
12. Bxe5 P@e3+ 13. Kxe3 P@f6 14. N@f4 fxe5 15. P@f7+ Kxf7 16. N@g5+ Kf6 17. N@h5+ 
Kf5 18. g4+ Kxg5 19. Ngh3+ Kh6 20. P@g5# 
{Eyefor checkmated} 1-0

[Event "fics rated crazyhouse match"]
[Site "fics, Oklahoma City, OK USA"]
[Date "2000.03.18"]
[White "Eyefor"]
[WhiteElo "2378"]
[Black "Lomboc"]
[BlackElo "2200"]
[TimeControl "60+0"]
[Result "0-1"]

1. e4 c5 2. Nc3 d6 3. Nf3 Nc6 4. Ng5 e6 5. Nxf7 Kxf7 6. Qh5+ 
g6 7. Qf3+ Qf6 8. Qxf6+ Nxf6 9. P@g5 Nd7 10. Nb5 Q@e5 11. d3 N@d4 
12. Nxd4 Nxd4 13. N@a3 Be7 14. f4 Bxg5 15. fxe5 P@d2+ 16. Bxd2 Bxd2+ 17. Kxd2 
dxe5 18. Ke1 P@e3 19. Q@g7+ Kxg7 20. B@h6+ Kxh6 21. P@g5+ Kxg5 22. h4+ Kh6 
23. Q@g5+ Kg7 24. Qxe3 B@f4 25. Qxf4 exf4 26. B@d2 P@e3 27. Bxe3 fxe3 28. P@h6+ 
Kxh6 29. P@g5+ Kg7 30. Be2 Q@f2+ 31. Kd1 Qxe2# 
{Eyefor forfeits on time} 0-1

[Event "fics rated crazyhouse match"]
[Site "fics, Oklahoma City, OK USA"]
[Date "2000.03.18"]
[White "Lomboc"]
[WhiteElo "2212"]
[Black "Eyefor"]
[BlackElo "2366"]
[TimeControl "60+0"]
[Result "0-1"]

1. e4 Nf6 2. Nc3 e6 3. d4 Nc6 4. Nf3 d5 5. Bg5 dxe4 6. Nxe4 
P@g4 7. Bxf6 gxf6 8. Nxf6+ Qxf6 9. P@e5 Qg7 10. N@f6+ Kd8 11. d5 exd5 
12. Qxd5+ P@d6 13. exd6 B@b4+ 14. c3 N@c2+ 15. Kd2 Bbxd6 16. P@e5 Nxa1 17. exd6 
R@c2+ 18. Kd1 Qxf6 19. B@g5 Qxg5 20. Nxg5 Rxf2 21. dxc7+ Kxc7 22. P@d6+ Bxd6 
23. Qxd6+ Kxd6 24. Ne4+ Kd7 25. Q@d6+ Ke8 26. Nxf2 P@c2+ 27. Ke1 c1=Q+ 28. R@d1 
Nc2+ 29. Ke2 Qe3# 
{Lomboc checkmated} 0-1

[Event "fics rated crazyhouse match"]
[Site "fics, Oklahoma City, OK USA"]
[Date "2000.03.18"]
[White "Eyefor"]
[WhiteElo "2371"]
[Black "spurs"]
[BlackElo "2261"]
[TimeControl "60+0"]
[Result "0-1"]

1. e4 e6 2. d4 d5 3. exd5 exd5 4. Bb5+ Bd7 5. Qe2+ Qe7 6. Bxd7+ 
Nxd7 7. Bf4 Qxe2+ 8. Nxe2 Bb4+ 9. Nbc3 Ngf6 10. Bxc7 P@d2+ 11. Kf1 Bxc3 
12. Nxc3 Q@c1+ 13. Rxc1 dxc1=Q+ 14. B@d1 N@d2+ 15. Ke1 O-O 16. P@g5 Nde4 17. Nxe4 
Nxe4 18. N@e7+ Kh8 19. B@e3 B@d2+ 20. Ke2 Bxe3 21. fxe3 Qd2+ 22. Kf3 Qf2+ 
23. Kg4 R@h4# 
{Eyefor checkmated} 0-1

[Event "fics rated crazyhouse match"]
[Site "fics, Oklahoma City, OK USA"]
[Date "2000.03.18"]
[White "spurs"]
[WhiteElo "2271"]
[Black "Eyefor"]
[BlackElo "2361"]
[TimeControl "60+0"]
[Result "0-1"]

1. d4 e6 2. Nf3 d5 3. Nc3 Bb4 4. Bd2 Nc6 5. e3 Bd7 6. Bb5 
Bxc3 7. Bxc3 N@g4 8. Bxc6 Bxc6 9. Ne5 Nxe5 10. dxe5 d4 11. N@h5 dxc3 
12. Nxg7+ Kf8 13. Qxd8+ Rxd8 14. Nxe6+ fxe6 15. P@g7+ Kxg7 16. B@f6+ Nxf6 17. exf6+ 
Kxf6 18. N@h5+ Ke7 19. P@f6+ Kd7 20. O-O N@h3# 
{spurs resigns} 0-1

[Event "fics rated crazyhouse match"]
[Site "fics, Oklahoma City, OK USA"]
[Date "2000.03.18"]
[White "Eyefor"]
[WhiteElo "2357"]
[Black "spurs"]
[BlackElo "2275"]
[TimeControl "60+0"]
[Result "0-1"]

1. e4 e6 2. d4 d5 3. exd5 exd5 4. Bb5+ Bd7 5. Qe2+ Qe7 6. Bxd7+ 
Nxd7 7. Bf4 Qxe2+ 8. Nxe2 Bb4+ 9. Nbc3 Ngf6 10. Bxc7 Bxc3+ 11. Nxc3 P@d2+ 
12. Kxd2 N@e4+ 13. Kc1 B@d2+ 14. Kb1 Nxc3+ 15. bxc3 N@a3+ 16. Kb2 Nc4+ 17. Kb3 
Q@a3# 
{Eyefor checkmated} 0-1

[Event "fics rated crazyhouse match"]
[Site "fics, Oklahoma City, OK USA"]
[Date "2000.03.18"]
[White "Bobeskillz"]
[WhiteElo "2226"]
[Black "Kingwalker"]
[BlackElo "2240"]
[TimeControl "180+0"]
[Result "0-1"]

1. e4 e6 2. Nc3 a6 3. d4 b5 4. Nf3 Bb7 5. Bf4 b4 6. Ne2 
Bxe4 7. Ng3 Bb7 8. Qd2 Nf6 9. Be2 Nc6 10. Bg5 P@c3 11. bxc3 bxc3 
12. Qe3 Nd5 13. Qe4 Be7 14. Bxe7 Qxe7 15. B@h4 f6 16. Nf5 exf5 17. Qxd5 
B@e4 18. Qc5 Qxc5 19. dxc5 Nb4 20. P@d6 Nxc2+ 21. Kf1 cxd6 22. cxd6 O-O 
23. Bc4+ P@e6 24. P@h6 Bxf3 25. N@e7+ Kf7 26. gxf3 N@d2+ 27. Ke2 Bxf3+ 28. Kd3 
N@b4+ 29. Kxc3 Q@d4# 
{Bobeskillz checkmated} 0-1

[Event "fics rated crazyhouse match"]
[Site "fics, Oklahoma City, OK USA"]
[Date "2000.03.18"]
[White "Kingwalker"]
[WhiteElo "2248"]
[Black "Bobeskillz"]
[BlackElo "2218"]
[TimeControl "180+0"]
[Result "1-0"]

1. e4 e6 2. d4 Nc6 3. Be3 Nf6 4. Bd3 d5 5. e5 Ne4 6. Qe2 
f6 7. exf6 gxf6 8. f3 Bb4+ 9. c3 P@a3 10. fxe4 axb2 11. Qxb2 dxe4 
12. Bxe4 P@a3 13. Bxc6+ bxc6 14. Qxb4 P@b2 15. P@e7 Qd5 16. N@g7+ Kf7 17. e8=Q+ 
Rxe8 18. Nxe8 bxa1=Q 19. N@h8+ Kxe8 20. R@f8+ Kd7 21. B@e8+ Kd8 22. P@e7# 
{Bobeskillz checkmated} 1-0

[Event "fics rated crazyhouse match"]
[Site "fics, Oklahoma City, OK USA"]
[Date "2000.03.18"]
[White "Bobeskillz"]
[WhiteElo "2211"]
[Black "Kingwalker"]
[BlackElo "2255"]
[TimeControl "180+0"]
[Result "1-0"]

1. e4 e6 2. Nc3 a6 3. Nf3 b5 4. d4 Bb7 5. a3 b4 6. axb4 
Bxb4 7. Bd3 d6 8. e5 P@e4 9. P@h6 exf3 10. hxg7 fxg2 11. Rg1 N@f3+ 
12. Qxf3 Bxf3 13. Be3 Nc6 14. gxh8=Q Kd7 15. Qxg8 Qxg8 16. P@b7 Nxd4 17. N@f6+ 
Kc6 18. Bxd4 P@d2+ 19. Kxd2 Qg5+ 20. Be3 Qxe3+ 21. fxe3 Kxb7 22. N@d8+ Rxd8 
23. Bxa6+ Kb6 24. Q@b5+ Ka7 25. Bb7# 
{Kingwalker resigns} 1-0

[Event "fics rated crazyhouse match"]
[Site "fics, Oklahoma City, OK USA"]
[Date "2000.03.18"]
[White "Kingwalker"]
[WhiteElo "2246"]
[Black "Bobeskillz"]
[BlackElo "2220"]
[TimeControl "180+0"]
[Result "0-1"]

1. e4 e6 2. d4 Nc6 3. Be3 Nf6 4. Bd3 d5 5. e5 Nd7 6. Qe2 
Be7 7. Nh3 Ndxe5 8. dxe5 Nxe5 9. Bd4 Nxd3+ 10. cxd3 f6 11. N@h5 B@h6 
12. Nc3 P@d2+ 13. Kd1 Bb4 14. N3f4 P@e5 15. Bxe5 fxe5 16. Qxe5 B@f6 17. Nxf6+ 
Qxf6 18. Qxf6 gxf6 19. N@g4 Bxf4 20. Nxf6+ Kd8 21. P@e3 Bxe3 22. fxe3 N@f2+ 
23. Ke2 Nxd3 24. B@h4 N@f4+ 25. exf4 Nxf4+ 26. Kf3 Q@d3+ 27. P@e3 Bd7 28. Nxd7+ 
Kxd7 29. N@e5+ Kc8 30. Nxd3 N@e5+ 31. Nxe5 P@e4+ 32. Kxf4 P@g5+ 33. Bxg5 Rf8+ 
34. P@f7 a6 35. P@d7+ Kb8 36. Q@e8+ Ka7 
{Kingwalker forfeits on time} 0-1

[Event "fics rated crazyhouse match"]
[Site "fics, Oklahoma City, OK USA"]
[Date "2000.03.18"]
[White "Olaudah"]
[WhiteElo "2212"]
[Black "MrCool"]
[BlackElo "2324"]
[TimeControl "180+0"]
[Result "0-1"]

1. e4 e6 2. Nf3 d6 3. d4 Nf6 4. Bg5 Be7 5. Nc3 Nc6 6. Bd3 
O-O 7. O-O e5 8. d5 Nb4 9. a3 Nxd3 10. cxd3 B@h5 11. N@h4 Bcg4 
12. h3 Bxf3 13. gxf3 Nd7 14. Bxe7 Qxe7 15. Nf5 Qg5+ 16. B@g2 N@f4 17. B@g3 
Nxg2 18. Kxg2 B@g6 19. N@e7+ Kh8 20. Nxg6+ hxg6 21. B@e7 N@f4+ 22. Kh2 B@f6 
23. Bxf6 Nxf6 24. B@h4 Qxh4 25. Bxh4 gxf5 26. Bxf6 gxf6 27. exf5 B@h6 28. P@g4 
B@g2 29. gxh5 Rg8 30. B@g6 Nxg6 31. fxg6 B@f4+ 32. N@g3 fxg6 33. N@f7+ Kg7 
34. Nxh6 Kxh6 35. hxg6 Rxg6 36. Q@h5+ Kg7 37. P@f5 Rh6 38. Qg4+ B@g5 39. Kxg2 
Bxg3 40. fxg3 N@e3+ 41. Kh2 Nxg4+ 42. fxg4 Rah8 43. N@h5+ Kf7 44. B@e6+ Ke7 
45. B@g7 P@g2 46. Bxh8 gxf1=N+ 47. Qxf1 R@d2+ 48. B@f2 N@f3+ 49. Kg2 Q@h2+ 50. Kxf3 
Rxf2+ 51. Qxf2 Qxf2+ 52. Kxf2 B@e3+ 53. Kg2 Q@f2+ 54. Kh1 P@g2+ 55. Kh2 g1=Q# 
{Olaudah checkmated} 0-1

[Event "fics rated crazyhouse match"]
[Site "fics, Oklahoma City, OK USA"]
[Date "2000.03.18"]
[White "MrCool"]
[WhiteElo "2332"]
[Black "Olaudah"]
[BlackElo "2206"]
[TimeControl "180+0"]
[Result "1-0"]

1. e4 e6 2. d4 d6 3. Nf3 Be7 4. Nc3 Nf6 5. Bd3 Nc6 6. O-O 
e5 7. dxe5 Nxe5 8. Nd4 O-O 9. f4 Neg4 10. f5 c5 11. Nf3 P@d4 
12. Ne2 Bxf5 13. exf5 P@e4 14. Bxe4 Nxe4 15. B@d5 B@e3+ 16. Bxe3 Nxe3 17. Bxe4 
Nxd1 18. Raxd1 B@h5 19. N@f4 Bxf3 20. Rxf3 N@e3 21. Ra1 Bg5 22. Nh5 d5 
23. Bd3 c4 24. f6 Bxf6 25. Nxf6+ gxf6 26. N@h6+ Kh8 27. P@g7+ Kxg7 28. Rxe3 
P@f2+ 29. Kh1 Q@e1+ 30. B@f1 P@g6 31. Rxe1 N@h4 32. N@h5+ gxh5 33. Ra1 dxe3 
34. Q@g3+ N@g6 35. Qxe3 R@e1 36. Rxe1 fxe1=Q 37. R@g1 Qxe2 38. Bfxe2 N@g4 39. Bxg4 
hxg4 40. N@h5+ Kh8 41. P@g7# 
{Olaudah checkmated} 1-0

[Event "fics rated crazyhouse match"]
[Site "fics, Oklahoma City, OK USA"]
[Date "2000.03.18"]
[White "venomous"]
[WhiteElo "2515"]
[Black "Bobeskillz"]
[BlackElo "2229"]
[TimeControl "180+0"]
[Result "1-0"]

1. e4 e6 2. d4 Nc6 3. Be3 Nf6 4. Bd3 d6 5. Nc3 Be7 6. Nf3 
O-O 7. O-O Ng4 8. Qe2 e5 9. d5 Nb8 10. Rad1 Nd7 11. Bc1 Nc5 
12. h3 Nf6 13. Bc4 a6 14. a4 Bd7 15. a5 b5 16. axb6 cxb6 17. P@c6 
Bc8 18. b4 b5 19. bxc5 bxc4 20. cxd6 Qxd6 21. P@b7 Bxb7 22. cxb7 Rab8 
23. N@f5 Qd7 24. Nxe5 Qxb7 25. P@c6 Qc7 26. d6 Bxd6 27. Rxd6 B@h5 28. B@f3 
Bxf3 29. Qxf3 P@e7 30. Rxf6 Qxe5 31. B@d4 Qc7 32. Nd5 B@h2+ 33. Kh1 exf6 
34. Nxc7 R@g6 35. N@e7+ Kh8 36. Nxg6+ fxg6 37. B@h6 Be5 38. Bxg7+ Kg8 39. Q@e6# 
{Bobeskillz forfeits on time} 1-0

[Event "fics rated crazyhouse match"]
[Site "fics, Oklahoma City, OK USA"]
[Date "2000.03.18"]
[White "Bobeskillz"]
[WhiteElo "2226"]
[Black "venomous"]
[BlackElo "2518"]
[TimeControl "180+0"]
[Result "0-1"]

1. e4 e6 2. Nc3 Nc6 3. d4 Nf6 4. e5 Nd5 5. Nxd5 exd5 6. Nf3 
d6 7. Be2 Bg4 8. exd6 Bxd6 9. O-O P@e4 10. Ng5 Bxe2 11. Qxe2 Nxd4 
12. Qg4 B@f5 13. Qh5 P@g6 14. Qd1 Bxh2+ 15. Kxh2 P@e2 16. B@b5+ N@c6 17. Bxe2 
Nxe2 18. Qxe2 B@f6 19. B@h4 O-O 20. P@g4 Bd7 21. c4 Ne5 22. cxd5 Nxg4+ 
23. Kh1 P@h6 24. P@h3 hxg5 25. hxg4 gxh4 26. Qxe4 Re8 27. Qc2 B@e4 28. P@d3 
Bxd5 29. P@e4 N@d4 30. Qd2 h3 31. gxh3 P@e2 32. Rg1 Nf3 33. Qxe2 Nxg1 
34. Kxg1 Bb5 35. P@c4 Bbxc4 36. dxc4 Bxe4 37. P@f3 P@d3 38. Qe3 Bd4 39. Qf4 
P@e2 40. Be3 Bxe3 41. Qxe3 R@d1+ 42. Rxd1 exd1=Q+ 43. B@f1 Qxf3 44. B@g2 Qxe3 
45. fxe3 Bxg2 46. Bxg2 P@e2 47. R@f2 e1=Q+ 48. B@f1 Qxf2+ 49. Kxf2 Q@d2+ 50. P@e2 
dxe2 51. Bxe2 Qxe3+ 52. Ke1 Qxe2# 
{Bobeskillz checkmated} 0-1

[Event "fics rated crazyhouse match"]
[Site "fics, Oklahoma City, OK USA"]
[Date "2000.03.18"]
[White "venomous"]
[WhiteElo "2521"]
[Black "Bobeskillz"]
[BlackElo "2223"]
[TimeControl "180+0"]
[Result "1-0"]

1. e4 e6 2. d4 Nc6 3. Be3 Nf6 4. Bd3 e5 5. dxe5 Nxe5 6. Nc3 
d5 7. exd5 Nxd5 8. Bb5+ Bd7 9. Bxd7+ Qxd7 10. Qxd5 Qxd5 11. Nxd5 B@a5+ 
12. B@c3 P@b4 13. Bxe5 b3+ 14. P@c3 bxc2 15. N@f6+ gxf6 16. Nxf6+ Ke7 17. Q@d7# 
{Bobeskillz checkmated} 1-0

[Event "fics rated crazyhouse match"]
[Site "fics, Oklahoma City, OK USA"]
[Date "2000.03.18"]
[White "Bobeskillz"]
[WhiteElo "2221"]
[Black "venomous"]
[BlackElo "2523"]
[TimeControl "180+0"]
[Result "0-1"]

1. e4 e6 2. d4 Nc6 3. Nc3 Nf6 4. e5 Nd5 5. Ne4 d6 6. Nf3 
dxe5 7. Nxe5 Nxe5 8. dxe5 P@f5 9. Bg5 Bb4+ 10. P@c3 Be7 11. Bxe7 Qxe7 
12. B@c5 Qd8 13. Bb5+ B@d7 14. Bxd7+ Bxd7 15. B@e7 fxe4 16. Bxd8 Kxd8 17. Q@g5+ 
Kc8 18. N@e7+ Nxe7 19. Qxe7 N@d5 20. Qxf7 N@f5 21. P@d6 B@g6 22. N@e7+ Nfxe7 
23. Qxg7 Rg8 24. Qxd5 exd5 25. Qxe7 B@d8 26. Qxd7+ Kxd7 27. N@f6+ Ke6 28. B@d7+ 
Kf7 29. N@g5+ Kg7 30. Nxg8 N@f3+ 31. gxf3 N@g2+ 32. Kd1 Q@e2+ 33. Kxe2 exf3+ 
34. Kd2 Q@e2+ 35. Kc1 P@d2+ 36. Kb1 d1=Q+ 37. R@c1 Qexc2# 
{Bobeskillz checkmated} 0-1

[Event "fics rated crazyhouse match"]
[Site "fics, Oklahoma City, OK USA"]
[Date "2000.03.18"]
[White "venomous"]
[WhiteElo "2525"]
[Black "Bobeskillz"]
[BlackElo "2219"]
[TimeControl "180+0"]
[Result "1-0"]

1. e4 e6 2. d4 Nc6 3. Be3 Nf6 4. Bd3 d5 5. e5 Ne4 6. Nh3 
f6 7. exf6 Qxf6 8. O-O P@c4 9. Bxe4 dxe4 10. Bg5 Qf7 11. P@b5 Ne7 
12. N@e5 Qf5 13. f3 B@f6 14. fxe4 Qxe4 15. Nc3 P@e2 16. Nxe4 exd1=Q 17. P@f7+ 
Kd8 18. Q@e8# 
{Bobeskillz checkmated} 1-0

[Event "fics rated crazyhouse match"]
[Site "fics, Oklahoma City, OK USA"]
[Date "2000.03.18"]
[White "Bobeskillz"]
[WhiteElo "2217"]
[Black "venomous"]
[BlackElo "2527"]
[TimeControl "180+0"]
[Result "0-1"]

1. e4 e6 2. Nc3 Nc6 3. d4 d6 4. Bb5 Bd7 5. d5 Ne5 6. dxe6 
fxe6 7. P@d4 Bxb5 8. dxe5 dxe5 9. Nxb5 Qxd1+ 10. Kxd1 Q@f1+ 11. Q@e1 Rd8+ 
12. B@d3 Qxe1+ 13. Kxe1 Bb4+ 14. Bd2 Bxd2+ 15. Kxd2 B@a5+ 16. B@c3 B@g5+ 17. Ke2 
Bxc3 18. Q@h5+ Q@g6 19. Qxg6+ hxg6 20. Nxc7+ Kd7 21. Q@f7+ Q@e7 22. N@c5+ Kxc7 
23. Nxe6+ Kd7 24. Qxe7+ Bxe7 25. bxc3 B@g4+ 26. Nf3 Bxe6 27. Nxe5+ Kc8 28. P@c6 
N@f4+ 29. Kf1 N@d2+ 30. Ke1 Nxd3+ 31. cxd3 Nf3+ 32. gxf3 P@d2+ 33. Kxd2 Q@b2+ 
34. P@c2 B@f4+ 35. B@e3 Bxe5 36. P@d7+ Bxd7 37. Q@a8+ N@b8 38. Qxb7+ Qxb7 39. cxb7+ 
Kc7 
{Bobeskillz forfeits on time} 0-1

[Event "fics rated crazyhouse match"]
[Site "fics, Oklahoma City, OK USA"]
[Date "2000.03.18"]
[White "pminear"]
[WhiteElo "2432"]
[Black "Bobeskillz"]
[BlackElo "2215"]
[TimeControl "180+0"]
[Result "1-0"]

1. e4 e6 2. Nc3 Nc6 3. d4 Bb4 4. a3 Bxc3+ 5. bxc3 Nf6 6. B@g5 
h6 7. Bh4 d6 8. Bd3 e5 9. d5 Ne7 10. Bxf6 gxf6 11. N@h5 Ng6 
12. Bb5+ N@d7 13. Nxf6+ Qxf6 14. P@c6 bxc6 15. dxc6 Nc5 16. P@b7 Nxe4 17. Be3 
Rb8 18. bxc8=Q+ Rxc8 19. B@d7+ Ke7 20. Nf3 B@b2 21. Bxc8 Bxc3+ 22. Kf1 Rxc8 
23. Bd3 Nc5 24. Bxc5 B@d5 25. N@e4 Bxe4 26. Bxe4 Bxa1 27. Bxg6 Qxg6 28. R@d7+ 
Ke8 29. Nh4 
{Bobeskillz forfeits on time} 1-0

[Event "fics rated crazyhouse match"]
[Site "fics, Oklahoma City, OK USA"]
[Date "2000.03.18"]
[White "Bobeskillz"]
[WhiteElo "2211"]
[Black "pminear"]
[BlackElo "2436"]
[TimeControl "180+0"]
[Result "0-1"]

1. e4 e5 2. Nf3 Nc6 3. Bc4 Bc5 4. O-O Nf6 5. d3 d5 6. exd5 
Nxd5 7. Nc3 Nxc3 8. bxc3 O-O 9. P@b5 P@g4 10. bxc6 gxf3 11. Qxf3 N@h4 
12. Qe4 Bf5 13. Qe1 N@f3+ 14. gxf3 Nxf3+ 15. Kh1 Nxe1 16. Rxe1 bxc6 17. Bd2 
P@f3 18. P@g2 fxg2+ 19. Kxg2 P@h3+ 20. Kf3 Q@g4# 
{Bobeskillz checkmated} 0-1

[Event "fics rated crazyhouse match"]
[Site "fics, Oklahoma City, OK USA"]
[Date "2000.03.18"]
[White "pminear"]
[WhiteElo "2439"]
[Black "Bobeskillz"]
[BlackElo "2208"]
[TimeControl "180+0"]
[Result "1-0"]

1. e4 e5 2. Nf3 Nc6 3. Bb5 d6 4. d4 Bd7 5. d5 Nce7 6. Bxd7+ 
Qxd7 7. B@h3 Qb5 8. Nc3 B@a5 9. Qd3 Qxd3 10. cxd3 Nf6 11. Q@a4+ Kd8 
12. Qxa5 g6 13. Bg5 Bg7 14. B@h4 Neg8 15. Qb5 Q@e7 16. Qxb7 Ke8 17. Qxa8+ 
Qd8 18. P@d7+ Ke7 19. R@e8+ Qxe8 20. dxe8=Q# 
{Bobeskillz checkmated} 1-0